 Dungeon Crawl Stone Soup version 0.26-a0-738-g91b530ce93 (webtiles) character file.

Game seed: 11936413287569499137

2258 GordonOverkill the Frost Mage (level 9, -7/57 HPs)
             Began as a Barachi Ice Elementalist on Nov 5, 2020.
             Was a Priest of Vehumet.
             Mangled by an orc knight
             ... wielding a +0 halberd
              (27 damage)
             ... in a bailey.
             The game lasted 00:16:57 (7762 turns).

GordonOverkill the Frost Mage (BaIE)                Turns: 7762, Time: 00:16:58

Health: -7/57      AC:  4    Str: 10    XL:     9   Next: 38%
Magic:  13/21      EV: 12    Int: 19    God:    Vehumet [***...]
Gold:   519        SH:  0    Dex: 12    Spells: 12/24 levels left

rFire    x . .     SeeInvis .   r - +0 whip (elec)
rCold    + . .     Faith    +   (no shield)
rNeg     . . .     Spirit   .   a - +0 robe
rPois    +         Reflect  .   d - +0 helmet
rElec    .         Harm     .   (no cloak)
rCorr    .         Rampage  .   i - +0 pair of gloves
MR       .....                  (no boots)
Stlth    ++........             b - amulet of faith
HPRegen  0.19/turn              g - ring of poison resistance
MPRegen  0.17/turn              B - ring of ice

@: frozen ramparts, slow
A: +LOS, swims, slowness 1, strong legs 1
a: Hop, Renounce Religion


You were in a bailey.
You worshipped Vehumet.
Vehumet was most pleased with you.
You visited 2 branches of the dungeon, and saw 8 of its levels.
You also visited: Bailey.

You collected 519 gold pieces.

Inventory:

Hand Weapons
 r - a +0 whip of electrocution (weapon)
 A - a +2 trident
Missiles
 n - 3 throwing nets (quivered)
Armour
 a - a +0 robe (worn)
 d - a +0 helmet (worn)
 i - a +0 pair of gloves (worn)
Magical Staves
 f - an uncursed staff of air
Jewellery
 b - an amulet of faith (around neck)
 g - a ring of poison resistance (left hand)
 o - a +6 ring of dexterity
 s - an uncursed ring of flight
 z - the ring of Ecet {Str+2 SInv Stlth-}
   (You found it on level 5 of the Dungeon)

   [ring of attention]

   It affects your strength (+2).
   It lets you see invisible.
   It makes you less stealthy.
 B - a ring of ice (right hand)
Wands
 v - a wand of paralysis (8)
Scrolls
 q - a scroll of blinking
 t - a scroll of remove curse
 x - a scroll of identify
 y - 2 scrolls of fog
 C - a scroll of amnesia {unknown}
Potions
 c - 3 potions of stabbing
 e - a potion of invisibility
 h - 4 potions of curing
 j - 3 potions of berserk rage
 k - 6 potions of heal wounds
 l - a potion of mutation
 m - 4 potions of might
 p - a potion of resistance
 u - 2 potions of flight
 w - 2 potions of haste
 D - a potion of experience {unknown}


   Skills:
 - Level 2.1 Dodging
 - Level 1.7 Stealth
 - Level 8.0 Spellcasting
 - Level 5.0 Conjurations
 - Level 5.0 Summonings
 + Level 9.0 Ice Magic
 - Level 3.0 Evocations


You had 12 spell levels left.
You knew the following spells:

 Your Spells              Type           Power        Failure   Level
a - Freeze                Ice            ####         1%          1
b - Frozen Ramparts       Ice            ######       1%          3
c - Hailstorm             Conj/Ice       ######..     1%          4
d - Summon Ice Beast      Ice/Summ       ######..     4%          4

Your spell library contained the following spells:

 Spells                   Type           Power        Failure   Level
 Sticky Flame             Conj/Fire      ###.....     9%          4
 Magic Dart               Conj           ####         1%          1
 Summon Small Mammal      Summ           ####         1%          1
 Call Imp                 Summ           ####....     1%          2
 Ozocubu's Armour         Ice            ######..     1%          3
 Conjure Flame            Conj/Fire      ###.....     2%          3
 Call Canine Familiar     Summ           ####....     3%          3
 Mephitic Cloud           Conj/Pois/Air  ##......     4%          3
 Summon Guardian Golem    Hex/Summ       ###.....     10%         3
 Blink                    Tloc           N/A          14%         2
 Slow                     Hex            #.......     14%         2
 Summon Lightning Spire   Summ/Air       ###.....     32%         4


Dungeon Overview and Level Annotations

Branches:
Dungeon (7/15)             Temple (1/1) D:4          Bailey (1/1)

Altars:
Dithmenos
Elyvilon
Fedhas
Hepliaklqana
Kikubaaqudgha
Makhleb
Okawaru
Qazlal
Vehumet

Shops:
D:4 =


Innate Abilities, Weirdness & Mutations

You can be seen from farther away. (+LOS)
You can swim through water.
You cover ground slowly.
You can hop short distances.


Message History

Confirm with . or Enter, or press ? or * to list all spells.
You feel a surge of power!
A cannonade of hail descends around you!
The hail pelts the orc knight!
The orc knight is moderately wounded.
The hail pelts the orc knight!
The orc knight is severely wounded.
The hail pelts the orc warrior!
The orc warrior is moderately wounded.
The hail pelts the orc.
The orc is severely wounded.
The wall freezes the orc.
You kill the orc!
Vehumet accepts your kill.
You feel your power returning.
Training target 5.0 for Conjurations reached!
Your Conjurations skill increases to level 5!
The wall freezes the orc knight. x2
The orc knight hits you from afar with a +0 halberd!!
You die...

####### ############
########.....## ##........∩.##
#....o#.....o.######............#
'.....'.....oo#....#............#
'...o.'....oooo.@..'.......)...∩#
'.....'.....)o#....#......)))...#
#.....#.......######......)).)..#
########.....## ##.....)))∩.##
####### ############


You could see 3 orc knights, 2 orc warriors and 2 orcs.

Vanquished Creatures
  5 orc warriors
  A sky beast (D:6)
  2 ogres
  A centaur (D:5)
  A bullfrog (D:6)
  5 scorpions
  2 wights (D:6)
  A bullfrog zombie (D:5)
  A jelly (D:7)
  A bullfrog skeleton (D:6)
  A hound (D:5)
  2 centaur skeletons
  3 orc priests
  7 iguanas
  5 orc wizards
  2 worker ants (D:5)
  A howler monkey skeleton (D:4)
  8 adders
  2 river rats (D:4)
  2 white imps (D:6)
  An ufetubus (D:6)
  An ooze (D:3)
  An adder skeleton (D:4)
  2 worms
  3 dart slugs
  4 leopard geckos
  46 orcs
  7 bats
  9 giant cockroaches
  8 goblins
  8 hobgoblins
  17 jackals
  5 kobolds
  3 quokkas
  A ball python (D:4)
  4 frilled lizards
  6 rats
179 creatures vanquished.

Vanquished Creatures (collateral kills)
  A phantom (D:6)
  3 wights (D:6)
  An orc (D:6)
5 creatures vanquished.

Vanquished Creatures (others)
  A quokka (D:2)
  A bat (D:2)
2 creatures vanquished.

Grand Total: 186 creatures vanquished

Notes
Turn   | Place    | Note
-------+----------+-------------------------------------------
     0 | D:1      | GordonOverkill the Barachi Ice Elementalist began the quest
                  | for the Orb.
     0 | D:1      | Reached XP level 1. HP: 13/13 MP: 3/3
   177 | D:1      | Reached skill level 5 in Ice Magic
   177 | D:1      | Reached XP level 2. HP: 18/19 MP: 0/5
   626 | D:1      | Reached XP level 3. HP: 19/24 MP: 0/7
   872 | D:1      | Learned a level 3 spell: Frozen Ramparts
  1606 | D:2      | Found a white marble altar of Elyvilon.
  1887 | D:3      | Reached XP level 4. HP: 30/30 MP: 5/9
  2494 | D:3      | Reached XP level 5. HP: 8/35 MP: 4/11
  2899 | D:3      | Learned a level 4 spell: Hailstorm
  2953 | D:4      | Found Xodgh's Jewellery Emporium.
  2978 | D:4      | Reached skill level 5 in Spellcasting
  2978 | D:4      | Reached skill level 6 in Ice Magic
  3038 | D:4      | Reached XP level 6. HP: 34/41 MP: 13/13
  3179 | D:4      | Found a staircase to the Ecumenical Temple.
  3192 | Temple   | Entered the Ecumenical Temple
  3205 | Temple   | Became a worshipper of Vehumet
  3297 | D:4      | Reached XP level 7. HP: 30/46 MP: 9/16
  3763 | D:4      | Reached skill level 7 in Ice Magic
  3839 | D:5      | Entered Level 5 of the Dungeon
  4043 | D:5      | Reached skill level 1 in Conjurations
  4240 | D:5      | Learned a level 4 spell: Summon Ice Beast
  4306 | D:5      | Reached * piety under Vehumet
  4306 | D:5      | Offered knowledge of Foxfire by Vehumet.
  4376 | D:5      | Got a scintillating lapis lazuli ring
  4455 | D:5      | Reached skill level 1 in Summonings
  4699 | D:5      | Identified the ring of Ecet {Str+2 SInv Stlth-} (You found
                  | it on level 5 of the Dungeon)
  4797 | D:5      | Reached XP level 8. HP: 47/52 MP: 12/18
  5174 | D:6      | Reached skill level 1 in Evocations
  5375 | D:6      | Reached ** piety under Vehumet
  5378 | D:6      | Offered knowledge of Sandblast by Vehumet.
  5930 | D:6      | Reached skill level 8 in Ice Magic
  6371 | D:6      | Offered knowledge of Searing Ray by Vehumet.
  6452 | D:6      | Reached XP level 9. HP: 35/57 MP: 13/21
  7166 | D:6      | Reached *** piety under Vehumet
  7363 | D:7      | Found a flagged portal.
  7465 | Bailey   | Entered a bailey
  7479 | Bailey   | Offered knowledge of Sticky Flame by Vehumet.
  7660 | Bailey   | Reached skill level 5 in Summonings
  7660 | Bailey   | Reached skill level 9 in Ice Magic
  7739 | Bailey   | Noticed an orc knight
  7739 | Bailey   | Noticed an orc knight
  7739 | Bailey   | Noticed an orc knight
  7762 | Bailey   | Reached skill level 5 in Conjurations
  7762 | Bailey   | Mangled by an orc knight

Illustrated notes

Levels and vault maps discovered:
D:1:      dpeg_arrival_tiny_g, layout_basic
D:2:      layout_basic, elyvilon_altar_4
D:3:      kennysheep_big_flooded_room, layout_basic, minmay_misc_feat_chi
D:4:      layout_cave_pools, minmay_temple_entry_glassed_door,
          portal_sewer_entry_e, serial_shops, shop
D:5:      layout_gridville, due_unseen_surprise
D:6:      layout_basic
D:7:      layout_basic, enter_bailey_6
Temple:   nicolae_temple_the_god_donut
Bailey:   bailey_polearm_5, bailey

Skill      XL: |  1  2  3  4  5  6  7  8  9 |
---------------+----------------------------+-----
Ice Magic      | 5 6 7 8 9 |  9.0
Spellcasting   | 3 4 5 6 7 8 |  8.0
Conjurations   | 2 3 5 |  5.0
Summonings     | 1 3 5 |  5.0
Evocations     | 2 3 |  3.0
Dodging        | |  2.1
Stealth        | |  1.7

Action                   |  1- 3 |  4- 6 |  7- 9 || total
-------------------------+-------+-------+-------++-------
Melee: Dagger            |    34 |     3 |       ||    37
       Whip              |       |    17 |    68 ||    85
 Cast: Freeze            |    39 |    18 |    63 ||   120
       Frozen Ramparts   |    11 |    16 |    37 ||    64
       Hailstorm         |       |       |    12 ||    12
       Summon Ice Beast  |       |       |    16 ||    16
 Abil: Hop               |       |     2 |     1 ||     3
  Use: Scroll            |     2 |     2 |     7 ||    11
       Potion            |       |     4 |       ||     4
 Stab: Sleeping          |     4 |     2 |     1 ||     7
       Distracted        |     1 |       |       ||     1
Armor: Robe              |    22 |    11 |    22 ||    55
Dodge: Dodged            |    65 |    23 |    84 ||   172

Table legend: (Time is in decaauts)
 A = Elapsed time spent in this place.
 B = Non-inter-level travel time spent in this place.
 C = Inter-level travel time spent in this place.
 D = Time resting spent in this place.
 E = Time spent auto-exploring this place.
 F = Levels seen in this place.
 G = Mean time per level.
                   A        B        C        D        E       F      G
               +--------+--------+--------+--------+--------+-----+--------+
         Total |   8498 |   8155 |    343 |   2859 |   3497 |   9 |  944.2 |
       Dungeon |   8153 |   7810 |    343 |   2686 |   3433 |   7 | 1164.7 |
        Temple |     30 |     30 |      0 |      0 |      0 |   1 |   30.0 |
        Bailey |    314 |    314 |      0 |    173 |     64 |   1 |  314.0 |
               +--------+--------+--------+--------+--------+-----+--------+

Top non-repeatable levels by time:
     D:6: 2160 daAuts
     D:5: 1569 daAuts
     D:3: 1293 daAuts
     D:2: 1006 daAuts
     D:1: 982 daAuts
     D:4: 940 daAuts
  Bailey: 314 daAuts
     D:7: 200 daAuts
  Temple: 30 daAuts
